| TOP OF THE 1ST |
|
Auburn Doubledays batting - Pitching for Salem-Keizer Volcanoes : RHP Wally Dethridge
|
|
Pitching: RHP Wally Dethridge
|
|
|
Batting: LHB Yasuo Igarashi
|
0-0: Ball 1-0: Called Strike 1-1: SINGLE (Groundball, 34S, EV 98.1 MPH)
|
|
Batting: RHB Lamar Thornton
|
0-0: Ball Wild Pitch! Yasuo Igarashi to second 1-0: Ball 2-0: Foul Ball, location: 2F 2-1: Called Strike 2-2: Ground out 6-3 (Groundball, 6, EV 86.2 MPH) Yasuo Igarashi to third
|
|
Batting: RHB Leo Gutierrez
|
0-0: Ball 1-0: DOUBLE (Line Drive, 78D, EV 104.4 MPH) Yasuo Igarashi scores
|
|
Batting: RHB Bryan Wheeler
|
0-0: Fly out, F7 (Flyball, 78S, EV 83.8 MPH)
|
|
Batting: RHB Scott Skoglund
|
0-0: Ball Passed Ball! Leo Gutierrez to third 1-0: Ball 2-0: Fly out, F7 (Flyball, 7, EV 91.2 MPH)
|
| Top of the 1st over - 1 run, 2 hits, 0 errors, 1 left on base; Auburn 1 - Salem-Keizer 0 |
| BOTTOM OF THE 1ST |
|
Salem-Keizer Volcanoes batting - Pitching for Auburn Doubledays : RHP Chris Mosley
|
|
Pitching: RHP Chris Mosley
|
|
|
Batting: LHB Eddie Lemus
|
0-0: Ball 1-0: Ball 2-0: Called Strike 2-1: Ball 3-1: Foul Ball, location: 2F 3-2: Base on Balls
|
|
Batting: LHB Alex Larangho
|
0-0: Ball 1-0: Called Strike 1-1: Called Strike 1-2: Foul Ball, location: 2F 1-2: Ball 2-2: Strikes out swinging
|
|
Batting: LHB Kuan Hsia
|
0-0: Ball 1-0: Called Strike 1-1: Swinging Strike 1-2: Strikes out looking
|
|
Batting: RHB Ricky Aguilar
|
0-0: Called Strike Eddie Lemus steals 2nd base 0-1: Swinging Strike 0-2: Ball 1-2: Ball 2-2: Ball 3-2: Strikes out looking
|
| Bottom of the 1st over - 0 runs, 0 hits, 0 errors, 1 left on base; Auburn 1 - Salem-Keizer 0 |
| TOP OF THE 2ND |
|
Auburn Doubledays batting - Pitching for Salem-Keizer Volcanoes : RHP Wally Dethridge
|
|
Batting: LHB Adam Lancaster
|
0-0: Ball 1-0: Ground out 5-3 (Groundball, 56, EV 85.0 MPH)
|
|
Batting: LHB Adam Jacobs
|
0-0: SINGLE (Groundball, 13S, EV 61.9 MPH) (infield hit)
|
|
Batting: RHB Jessie Fisher
|
0-0: Called Strike Passed Ball! Adam Jacobs to second 0-1: Foul Ball, location: 2F 0-2: Ball 1-2: Strikes out swinging
|
|
Batting: LHB Jim Weidman
|
0-0: Called Strike 0-1: Ball Passed Ball! Adam Jacobs to third 1-1: Foul Ball, location: 2F 1-2: Ball 2-2: Ball 3-2: Foul Ball, location: 2F 3-2: Foul Ball, location: 2F 3-2: Base on Balls
|
|
Batting: LHB Yasuo Igarashi
|
0-0: Called Strike 0-1: SINGLE (Line Drive, 4, EV 98.1 MPH) Adam Jacobs scores Jim Weidman to second Runner from 2nd tries for 3rd, SAFE, throw by CF made to third
|
|
Batting: RHB Lamar Thornton
|
0-0: Called Strike 0-1: Ball 1-1: Ball 2-1: Swinging Strike 2-2: SINGLE (Groundball, 6D, EV 98.1 MPH) Jim Weidman scores Yasuo Igarashi to second
|
|
Batting: RHB Leo Gutierrez
|
0-0: Called Strike 0-1: Swinging Strike 0-2: Strikes out swinging
|
| Top of the 2nd over - 2 runs, 3 hits, 0 errors, 2 left on base; Auburn 3 - Salem-Keizer 0 |
| BOTTOM OF THE 2ND |
|
Salem-Keizer Volcanoes batting - Pitching for Auburn Doubledays : RHP Chris Mosley
|
|
Batting: SHB Hector Jimenez
|
0-0: Foul Ball, location: 2F 0-1: Foul Ball, location: 2F 0-2: Ball 1-2: Foul Ball, location: 2F 1-2: Foul Ball, location: 2F 1-2: Ball 2-2: Foul Ball, location: 2F 2-2: Strikes out looking
|
|
Batting: RHB Azeem bin Zuhair
|
0-0: Foul Ball, location: 2F 0-1: Ball 1-1: Called Strike 1-2: Strikes out swinging
|
|
Batting: SHB Kip Connolly
|
0-0: Foul Ball, location: 2F 0-1: Ball 1-1: Foul Ball, location: 2F 1-2: Ball 2-2: Strikes out swinging
|
| Bottom of the 2nd over - 0 runs, 0 hits, 0 errors, 0 left on base; Auburn 3 - Salem-Keizer 0 |
| TOP OF THE 3RD |
|
Auburn Doubledays batting - Pitching for Salem-Keizer Volcanoes : RHP Wally Dethridge
|
|
Batting: RHB Bryan Wheeler
|
0-0: Called Strike 0-1: Swinging Strike 0-2: Ball 1-2: Ball 2-2: Ball 3-2: Base on Balls
|
|
Batting: RHB Scott Skoglund
|
0-0: Swinging Strike 0-1: Foul Ball, location: 2F 0-2: Hit by Pitch Bryan Wheeler to second
|
|
Batting: LHB Adam Lancaster
|
0-0: Ground out 5-3 (Groundball, 25, EV 90.6 MPH) Bryan Wheeler to third Scott Skoglund to second
|
|
Batting: LHB Adam Jacobs
|
0-0: Ball Wild Pitch! Bryan Wheeler scores Scott Skoglund to third 1-0: Foul Ball, location: 2F 1-1: Foul Ball, location: 2F 1-2: Ball 2-2: Strikes out swinging
|
|
Batting: RHB Jessie Fisher
|
0-0: Called Strike 0-1: Foul Ball, location: 2F 0-2: Ball 1-2: Ball Passed Ball! Scott Skoglund scores 2-2: Strikes out looking
|
| Top of the 3rd over - 2 runs, 0 hits, 0 errors, 0 left on base; Auburn 5 - Salem-Keizer 0 |
| BOTTOM OF THE 3RD |
|
Salem-Keizer Volcanoes batting - Pitching for Auburn Doubledays : RHP Chris Mosley
|
|
Batting: RHB James Jenkins
|
0-0: Ball 1-0: Swinging Strike 1-1: Ball 2-1: Foul Ball, location: 2F 2-2: Strikes out swinging
|
|
Batting: RHB Danny Estrada
|
0-0: Called Strike 0-1: Swinging Strike 0-2: Foul Ball, location: 2F 0-2: Ball 1-2: Strikes out swinging
|
|
Batting: LHB Eddie Lemus
|
0-0: Swinging Strike 0-1: Foul Ball, location: 2F 0-2: Strikes out looking
|
| Bottom of the 3rd over - 0 runs, 0 hits, 0 errors, 0 left on base; Auburn 5 - Salem-Keizer 0 |
| TOP OF THE 4TH |
|
Auburn Doubledays batting - Pitching for Salem-Keizer Volcanoes : RHP Wally Dethridge
|
|
Batting: LHB Jim Weidman
|
0-0: Ball 1-0: Ball 2-0: Foul Ball, location: 2F 2-1: Ball 3-1: Swinging Strike 3-2: Base on Balls
|
|
Pitching: LHP Jason Haas
|
|
|
Batting: LHB Yasuo Igarashi
|
0-0: Swinging Strike Passed Ball! Jim Weidman to second 0-1: Hit by Pitch
|
|
Batting: RHB Lamar Thornton
|
0-0: SINGLE (Groundball, 4, EV 96.2 MPH) Jim Weidman to third Yasuo Igarashi to second
|
|
Batting: RHB Leo Gutierrez
|
0-0: Swinging Strike 0-1: Called Strike 0-2: Foul Ball, location: 2F 0-2: Ball Wild Pitch! Jim Weidman scores Yasuo Igarashi to third Lamar Thornton to second 1-2: Ball 2-2: Ball 3-2: Strikes out swinging
|
|
Batting: RHB Bryan Wheeler
|
0-0: Called Strike 0-1: Swinging Strike 0-2: Ball 1-2: Foul Ball, location: 2F 1-2: Ball 2-2: Strikes out looking
|
|
Batting: RHB Scott Skoglund
|
0-0: Called Strike 0-1: Ball 1-1: Swinging Strike 1-2: Strikes out looking and he ARGUES THE CALL AND IS TOSSED!
|
| Top of the 4th over - 1 run, 1 hit, 0 errors, 2 left on base; Auburn 6 - Salem-Keizer 0 |
| BOTTOM OF THE 4TH |
|
Salem-Keizer Volcanoes batting - Pitching for Auburn Doubledays : RHP Chris Mosley
|
|
Now in CF: Travis Stanley
|
|
|
Batting: LHB Alex Larangho
|
0-0: Ball 1-0: Ball 2-0: Ground out 1-3 (Groundball, 15S, EV 64.4 MPH)
|
|
Batting: LHB Kuan Hsia
|
0-0: Ball 1-0: Ball 2-0: Foul Ball, location: 2F 2-1: Foul Ball, location: 2F 2-2: Ball 3-2: Foul Ball, location: 2F 3-2: Base on Balls
|
|
Batting: RHB Ricky Aguilar
|
0-0: Called Strike 0-1: Fly out, F7 (Flyball, 7LM, EV 90.0 MPH)
|
|
Batting: SHB Hector Jimenez
|
0-0: Called Strike 0-1: Ground out 1-3 (Groundball, 34S, EV 70.0 MPH)
|
| Bottom of the 4th over - 0 runs, 0 hits, 0 errors, 1 left on base; Auburn 6 - Salem-Keizer 0 |
| TOP OF THE 5TH |
|
Auburn Doubledays batting - Pitching for Salem-Keizer Volcanoes : LHP Jason Haas
|
|
Batting: LHB Adam Lancaster
|
0-0: DOUBLE (Line Drive, 5D, EV 107.5 MPH)
|
|
Batting: LHB Adam Jacobs
|
0-0: Ball 1-0: Ball 2-0: Ball 3-0: Base on Balls
|
|
Batting: RHB Jessie Fisher
|
0-0: 3-RUN HOME RUN (Flyball, 7D, EV 102.5 MPH), Distance : 400 ft
|
|
Pitching: LHP Ken Cromsie
|
|
|
Batting: LHB Jim Weidman
|
0-0: Ball 1-0: Ball 2-0: Ball 3-0: Swinging Strike 3-1: Swinging Strike 3-2: Strikes out swinging
|
|
Batting: LHB Yasuo Igarashi
|
0-0: Ball 1-0: SINGLE (Groundball, 34D, EV 108.1 MPH)
|
|
Batting: RHB Lamar Thornton
|
0-0: DOUBLE (Line Drive, 89D, EV 109.4 MPH) Yasuo Igarashi to third Runner from 3rd tries for Home, SAFE, throw by RF to trailing runner, SAFE at third!
|
|
Batting: RHB Leo Gutierrez
|
0-0: Called Strike 0-1: Foul Ball, location: 2F 0-2: Ball 1-2: Foul Ball, location: 2F 1-2: Foul Ball, location: 2F 1-2: Ball Passed Ball! Lamar Thornton scores 2-2: SINGLE (Line Drive, 89S, EV 91.9 MPH)
|
|
Batting: RHB Bryan Wheeler
|
0-0: Called Strike 0-1: Ball Passed Ball! Leo Gutierrez to second 1-1: Ball Wild Pitch! Leo Gutierrez to third 2-1: DOUBLE (Flyball, 8LXD, EV 102.5 MPH) Leo Gutierrez scores
|
|
Pitching: RHP Russ Hudson
|
|
|
Batting: RHB Travis Stanley
|
0-0: Ball 1-0: Called Strike 1-1: Called Strike 1-2: Strikes out swinging
|
|
Batting: LHB Adam Lancaster
|
0-0: Swinging Strike 0-1: Foul Ball, location: 2F 0-2: Foul Ball, location: 2F 0-2: Foul Ball, location: 2F 0-2: Reached on error, E6 (Groundball, 6M, EV 82.5 MPH) Bryan Wheeler to third
|
|
Batting: LHB Adam Jacobs
|
0-0: Ball Passed Ball! Bryan Wheeler scores Adam Lancaster to second 1-0: Foul Ball, location: 2F 1-1: Foul Ball, location: 2F 1-2: Foul Ball, location: 2F 1-2: Foul Ball, location: 2F 1-2: Foul Ball, location: 2F 1-2: Ball Passed Ball! Adam Lancaster to third 2-2: Ball 3-2: Foul Ball, location: 2F 3-2: Foul Ball, location: 2F 3-2: Base on Balls
|
|
Pitching: LHP Diego Tellez
|
|
|
Batting: RHB Jessie Fisher
|
0-0: Hit by Pitch Adam Jacobs to second
|
|
Batting: LHB Jim Weidman
|
0-0: Foul Ball, location: 2F 0-1: Foul Ball, location: 2F 0-2: Ground out 4-3 (Groundball, 34D, EV 88.1 MPH)
|
| Top of the 5th over - 7 runs, 6 hits, 1 error, 3 left on base; Auburn 13 - Salem-Keizer 0 |
| BOTTOM OF THE 5TH |
|
Salem-Keizer Volcanoes batting - Pitching for Auburn Doubledays : RHP Chris Mosley
|
|
Batting: RHB Azeem bin Zuhair
|
0-0: Swinging Strike 0-1: Swinging Strike 0-2: Ball 1-2: Ball 2-2: Foul Ball, location: 2F 2-2: Foul Ball, location: 2F 2-2: Ball 3-2: Strikes out swinging
|
|
Batting: SHB Kip Connolly
|
0-0: Fly out, F2 (Popup, 25F, EV 91.2 MPH)
|
|
Batting: RHB James Jenkins
|
0-0: Called Strike 0-1: Called Strike 0-2: Foul Ball, location: 2F 0-2: Ball 1-2: Ball 2-2: Strikes out swinging
|
| Bottom of the 5th over - 0 runs, 0 hits, 0 errors, 0 left on base; Auburn 13 - Salem-Keizer 0 |
| TOP OF THE 6TH |
|
Auburn Doubledays batting - Pitching for Salem-Keizer Volcanoes : LHP Diego Tellez
|
|
Batting: LHB Yasuo Igarashi
|
0-0: Ball 1-0: Ground out 1-3 (Groundball, 13S, EV 68.8 MPH)
|
|
Batting: RHB Lamar Thornton
|
0-0: Ball 1-0: Ball 2-0: Swinging Strike 2-1: Ball 3-1: Base on Balls
|
|
Batting: RHB Leo Gutierrez
|
0-0: Called Strike 0-1: Ball Passed Ball! Lamar Thornton to second 1-1: Ball 2-1: Ball 3-1: Foul Ball, location: 2F 3-2: Foul Ball, location: 2F 3-2: Base on Balls
|
|
Pitching: LHP Robert Soto
|
|
|
Batting: RHB Bryan Wheeler
|
0-0: Foul Ball, location: 2F 0-1: Ball 1-1: Ball 2-1: Ball 3-1: Fly out, F9 (Line Drive, 9, EV 96.9 MPH)
|
|
Batting: RHB Travis Stanley
|
0-0: Called Strike 0-1: 3-RUN HOME RUN (Flyball, 7D, EV 106.9 MPH), Distance : 413 ft
|
|
Batting: LHB Adam Lancaster
|
0-0: Foul Ball, location: 2F 0-1: Swinging Strike 0-2: Ball 1-2: Fly out, F8 (Flyball, 89M, EV 88.8 MPH)
|
| Top of the 6th over - 3 runs, 1 hit, 0 errors, 0 left on base; Auburn 16 - Salem-Keizer 0 |
| BOTTOM OF THE 6TH |
|
Salem-Keizer Volcanoes batting - Pitching for Auburn Doubledays : RHP Chris Mosley
|
|
Batting: RHB Danny Estrada
|
0-0: Ball 1-0: Called Strike 1-1: Foul Ball, location: 2F 1-2: Ball 2-2: Strikes out looking
|
|
Batting: LHB Eddie Lemus
|
0-0: Ball 1-0: Called Strike 1-1: Fly out, F7 (Flyball, 7, EV 93.8 MPH)
|
|
Batting: LHB Alex Larangho
|
0-0: Called Strike 0-1: Swinging Strike 0-2: SINGLE (Groundball, 6MS, EV 68.1 MPH) (infield hit)
|
|
Batting: LHB Kuan Hsia
|
0-0: Called Strike 0-1: Ball 1-1: Foul Ball, location: 2F 1-2: Ball 2-2: Strikes out looking
|
| Bottom of the 6th over - 0 runs, 1 hit, 0 errors, 1 left on base; Auburn 16 - Salem-Keizer 0 |
| TOP OF THE 7TH |
|
Auburn Doubledays batting - Pitching for Salem-Keizer Volcanoes : LHP Robert Soto
|
|
Pinch Hitting: RHB John Gibbs
|
0-0: Ball 1-0: Ball 2-0: Ball 3-0: Called Strike 3-1: DOUBLE (Groundball, 5L, EV 106.2 MPH)
|
|
Batting: RHB Jessie Fisher
|
0-0: Foul Ball, location: 2F 0-1: Foul Ball, location: 2F 0-2: Ball Passed Ball! John Gibbs to third 1-2: Ground out 6-3 (Groundball, 56, EV 90.6 MPH) John Gibbs scores
|
|
Batting: LHB Jim Weidman
|
0-0: Called Strike 0-1: Ball 1-1: Ball 2-1: Swinging Strike 2-2: Ball 3-2: Ground out 4-3 (Groundball, 4, EV 81.9 MPH)
|
|
Batting: LHB Yasuo Igarashi
|
0-0: Foul Ball, location: 2F 0-1: Ball 1-1: Called Strike 1-2: Foul Ball, location: 2F 1-2: Ball 2-2: Ball 3-2: Base on Balls
|
|
Pinch Hitting: LHB Vince McLane
|
0-0: Foul Ball, location: 2F 0-1: SINGLE (Groundball, 34S, EV 99.4 MPH) Yasuo Igarashi to second Runner from 2nd tries for 3rd, SAFE, throw by RF made to third
|
|
Batting: RHB Leo Gutierrez
|
0-0: Called Strike 0-1: Ball 1-1: Foul Ball, location: 2F 1-2: Ball 2-2: Foul Ball, location: 2F 2-2: Fly out, F8 (Flyball, 8RXD, EV 102.5 MPH)
|
| Top of the 7th over - 1 run, 2 hits, 0 errors, 2 left on base; Auburn 17 - Salem-Keizer 0 |
| BOTTOM OF THE 7TH |
|
Salem-Keizer Volcanoes batting - Pitching for Auburn Doubledays : RHP Chris Mosley
|
|
Now at 3B: John Gibbs
|
|
|
Now in RF: Vince McLane
|
|
|
Batting: RHB Ricky Aguilar
|
0-0: Ball 1-0: Fly out, F4 (Line Drive, 4, EV 65.0 MPH)
|
|
Pitching: RHP Tim Schultz
|
|
|
Batting: SHB Hector Jimenez
|
0-0: Ball 1-0: Called Strike 1-1: Ball 2-1: Foul Ball, location: 2F 2-2: Strikes out looking
|
|
Batting: RHB Azeem bin Zuhair
|
0-0: Called Strike 0-1: Foul Ball, location: 2F 0-2: Strikes out swinging, 2-3 out at first.
|
| Bottom of the 7th over - 0 runs, 0 hits, 0 errors, 0 left on base; Auburn 17 - Salem-Keizer 0 |
| TOP OF THE 8TH |
|
Auburn Doubledays batting - Pitching for Salem-Keizer Volcanoes : LHP Robert Soto
|
|
Batting: RHB Bryan Wheeler
|
0-0: Foul Ball, location: 2F 0-1: Swinging Strike 0-2: Ball 1-2: Ball 2-2: DOUBLE (Line Drive, 9LM, EV 103.8 MPH)
|
|
Batting: RHB Travis Stanley
|
0-0: Ball Wild Pitch! Bryan Wheeler to third 1-0: Ball 2-0: Called Strike 2-1: Ball 3-1: DOUBLE (Flyball, 8RXD, EV 111.2 MPH) Bryan Wheeler scores
|
|
Batting: LHB Adam Lancaster
|
0-0: Ball 1-0: Ball Passed Ball! Travis Stanley to third 2-0: Ball Wild Pitch! Travis Stanley scores 3-0: Called Strike 3-1: Swinging Strike 3-2: Foul Ball, location: 2F 3-2: Foul Ball, location: 2F 3-2: Base on Balls
|
|
Batting: RHB John Gibbs
|
0-0: Called Strike 0-1: Swinging Strike 0-2: Ball 1-2: Ball Wild Pitch! Adam Lancaster to second 2-2: Foul Ball, location: 2F 2-2: Ball Passed Ball! Adam Lancaster to third 3-2: Foul Ball, location: 2F 3-2: Base on Balls
|
|
Batting: RHB Jessie Fisher
|
0-0: Called Strike 0-1: Fly out, F8 (Flyball, 8LD, EV 100.6 MPH) Runner from 3rd tags up, SCORES, throw by CF
|
|
Batting: LHB Jim Weidman
|
0-0: Swinging Strike 0-1: Ball 1-1: Swinging Strike 1-2: Strikes out looking
|
|
Batting: LHB Yasuo Igarashi
|
0-0: Called Strike Balk! John Gibbs to second 0-1: Ball 1-1: Swinging Strike 1-2: Ball 2-2: Foul Ball, location: 2F 2-2: Ball 3-2: Foul Ball, location: 2F 3-2: Foul Ball, location: 2F 3-2: Base on Balls
|
|
Batting: LHB Vince McLane
|
0-0: Called Strike 0-1: Fly out, F6 (Popup, 4M, EV 66.9 MPH)
|
| Top of the 8th over - 3 runs, 2 hits, 0 errors, 2 left on base; Auburn 20 - Salem-Keizer 0 |
| BOTTOM OF THE 8TH |
|
Salem-Keizer Volcanoes batting - Pitching for Auburn Doubledays : RHP Tim Schultz
|
|
Batting: SHB Kip Connolly
|
0-0: Ball 1-0: Swinging Strike 1-1: Foul Ball, location: 2F 1-2: Strikes out swinging
|
|
Batting: RHB James Jenkins
|
0-0: Foul Ball, location: 2F 0-1: Foul Ball, location: 2F 0-2: Ball 1-2: Strikes out looking
|
|
Batting: RHB Danny Estrada
|
0-0: Called Strike 0-1: Ball 1-1: Swinging Strike 1-2: Foul Ball, location: 2F 1-2: Ball 2-2: Foul Ball, location: 2F 2-2: Strikes out swinging
|
| Bottom of the 8th over - 0 runs, 0 hits, 0 errors, 0 left on base; Auburn 20 - Salem-Keizer 0 |
| TOP OF THE 9TH |
|
Auburn Doubledays batting - Pitching for Salem-Keizer Volcanoes : LHP Robert Soto
|
|
Batting: RHB Leo Gutierrez
|
0-0: Called Strike 0-1: Ball 1-1: Foul Ball, location: 2F 1-2: Fly out, F9 (Flyball, 89XD, EV 96.2 MPH)
|
|
Batting: RHB Bryan Wheeler
|
0-0: Ball 1-0: Ball 2-0: Called Strike 2-1: Ball 3-1: Base on Balls
|
|
Batting: RHB Travis Stanley
|
0-0: Ball Passed Ball! Bryan Wheeler to second 1-0: DOUBLE (Flyball, 8LXD, EV 97.5 MPH) Bryan Wheeler scores
|
|
Batting: LHB Adam Lancaster
|
0-0: Ball 1-0: Ball 2-0: Called Strike 2-1: Ball Passed Ball! Travis Stanley to third 3-1: Base on Balls
|
|
Batting: RHB John Gibbs
|
0-0: SINGLE (Groundball, P, EV 91.9 MPH) (infield hit) Travis Stanley scores Adam Lancaster to second
|
|
Batting: RHB Jessie Fisher
|
0-0: Fielders Choice at 2nd, 4-6 (Groundball, 4, EV 102.5 MPH) Adam Lancaster to third
|
|
Batting: LHB Jim Weidman
|
0-0: Ball 1-0: Fielders Choice at 2nd, 5-4 (Groundball, 56, EV 83.1 MPH)
|
| Top of the 9th over - 2 runs, 2 hits, 0 errors, 2 left on base; Auburn 22 - Salem-Keizer 0 |
| BOTTOM OF THE 9TH |
|
Salem-Keizer Volcanoes batting - Pitching for Auburn Doubledays : RHP Tim Schultz
|
|
Batting: LHB Eddie Lemus
|
0-0: Ball 1-0: Ball 2-0: Ball 3-0: Called Strike 3-1: Called Strike 3-2: Strikes out swinging
|
|
Batting: LHB Alex Larangho
|
0-0: Swinging Strike 0-1: Ball 1-1: Foul Ball, location: 2F 1-2: Strikes out swinging
|
|
Batting: LHB Kuan Hsia
|
0-0: Ball 1-0: Foul Ball, location: 2F 1-1: Swinging Strike 1-2: Strikes out swinging
|
| Bottom of the 9th over - 0 runs, 0 hits, 0 errors, 0 left on base; Auburn 22 - Salem-Keizer 0 |
|